 Dungeon Crawl Stone Soup version 0.23.0 (webtiles) character file.

Game seed: 17862349076266358093

173 Borgoz the Cudgeler (level 5, -4/48 HPs)
             Began as a Gargoyle Gladiator on Feb 9, 2019.
             Was an Initiate of Ashenzari.
             Killed from afar by Natasha (5 damage)
             ... with a magic dart
             ... on level 3 of the Dungeon.
             The game lasted 00:02:34 (2024 turns).

Borgoz the Cudgeler (Gargoyle Gladiator)            Turns: 2024, Time: 00:02:35

Health: -4/48      AC:  8    Str: 22    XL:     5   Next: 53%
Magic:  5/5        EV: 13    Int:  9    God:    Ashenzari [......]
Gold:   101        SH:  3    Dex: 12    Spells: 4/4 levels left

rFire    . . .     SeeInvis .   a - +0 flail
rCold    . . .     Gourm    .   (no shield)
rNeg     + . .     Faith    .   b - +0 leather armour
rPois    ∞         Spirit   .   c - +0 helmet
rElec    +         Reflect  +   (no cloak)
rCorr    .         Harm     .   (no gloves)
MR       .....                  (no boots)
Stlth    ..........             i - +3 amulet of reflection
HPRegen  0.16/turn              (no ring)
MPRegen  0.09/turn              (no ring)

@: berserking, very quick
A: negative energy resistance 1, electricity resistance, unbreathing,
petrification resistance, rot immunity, AC +4
a: Curse Item, Renounce Religion


You were on level 3 of the Dungeon.
You worshipped Ashenzari.
Ashenzari was noncommittal.
You were not hungry.

You visited 1 branch of the dungeon, and saw 3 of its levels.

You collected 101 gold pieces.

Inventory:

Hand Weapons
 a - a +0 flail (weapon)
Missiles
 d - 4 throwing nets (quivered)
Armour
 b - a +0 leather armour (worn)
 c - a +0 helmet (worn)
Jewellery
 i - a +3 amulet of reflection (around neck)
 m - an uncursed ring of wizardry
Wands
 j - a wand of disintegration (6)
Scrolls
 e - 4 scrolls of identify {unknown}
 g - 2 scrolls of magic mapping {unknown}
 h - a scroll of noise {unknown}
 n - a scroll of immolation {unknown}
 o - a scroll of remove curse
Comestibles
 f - 3 rations
 k - a chunk of flesh


   Skills:
 + Level 3.5 Fighting
 + Level 3.9 Maces & Flails
 - Level 1.7 Throwing
 + Level 2.7 Armour
 + Level 3.2 Dodging


You had 4 spell levels left.
You didn't know any spells.
Your spell library was empty.

Dungeon Overview and Level Annotations

Branches:
Dungeon (3/15)

Altars:
Ashenzari
Ru

Annotations:
D:3 3 runed translucent doors, Natasha; RatmanManrat's ghost, amateur MiBe


Innate Abilities, Weirdness & Mutations

You are resistant to torment.
Your stone body is resilient. (AC +4)
You are immune to poison.
You resist negative energy. (rN+)
You are resistant to electric shocks. (rElec)
You can survive without breathing.
You are immune to petrification.
You are immune to rotting.


Message History

Natasha is heavily wounded.
Natasha claws you. Natasha misses you.
Unknown command.
You barely miss Natasha.
Natasha is heavily wounded.
The white imp hits you.
* * * LOW HITPOINT WARNING * * *
The white imp freezes you.
* * * LOW HITPOINT WARNING * * *
Natasha claws you.
* * * LOW HITPOINT WARNING * * *
It was a potion of berserk rage.
A red film seems to cover your vision as you go berserk!
You feel yourself moving faster!
You feel mighty! The white imp hits you.
* * * LOW HITPOINT WARNING * * *
The white imp freezes you.
* * * LOW HITPOINT WARNING * * *
Natasha casts a spell at you. The magic dart hits you.
You die...

#####
#############......
#..........@5..>...
#.##.##.##.#h.###.#
#### #.##.#.#....5.#
÷..###.#...###..##.#
##.#.....#..#...<....
##.#.#.#.....##.##.#.#
.......##....##.# ...
##............... < ..
####.##.....##.#. ...


You could see Natasha, a crimson imp and a white imp.

Vanquished Creatures
  Natasha (D:3)
  A worker ant (D:3)
  4 gnolls (D:3)
  4 adders
  A dart slug (D:1)
  4 leopard geckos
  An orc (D:3)
  A ball python (D:3)
  A giant cockroach (D:1)
  4 goblins
  7 hobgoblins
  5 jackals
  A quokka (D:2)
  4 bats
  A frilled lizard (D:2)
  2 kobolds
  6 rats
48 creatures vanquished.

Notes
Turn   | Place    | Note
-------+----------+-------------------------------------------
     0 | D:1      | Borgoz the Gargoyle Gladiator began the quest for the Orb.
     0 | D:1      | Reached XP level 1. HP: 12/12 MP: 1/1
   453 | D:1      | Reached XP level 2. HP: 15/18 MP: 2/2
   648 | D:1      | Reached skill level 1 in Armour
   951 | D:2      | Reached XP level 3. HP: 22/22 MP: 3/3
  1119 | D:2      | Found a shattered altar of Ashenzari.
  1265 | D:2      | Became a worshipper of Ashenzari the Shackled
  1389 | D:2      | Reached XP level 4. HP: 25/27 MP: 4/4
  1465 | D:2      | Found a sacrificial altar of Ru.
  1578 | D:3      | Found a runed translucent gate.
  1578 | D:3      | Found a runed translucent gate.
  1578 | D:3      | Noticed RatmanManrat's ghost (amateur MiBe)
  1579 | D:3      | Found a runed translucent gate.
  1612 | D:3      | Reached XP level 5. HP: 29/32 MP: 5/5
  1854 | D:3      | Noticed Natasha
  1862 | D:3      | Killed Natasha
  2010 | D:3      | Noticed Natasha
  2024 | D:3      | HP: 1/48 [white imp[Natasha] (4)]
  2024 | D:3      | Killed from afar by Natasha

Skill      XL: |  1  2  3  4 |
---------------+-------------+-----
Armour         | 1 2 |  2.7
Fighting       | 3 |  3.5
Dodging        | 3 |  3.2
Maces & Flails | |  3.9
Throwing       | |  1.7

Action                   |  1- 3 |  4- 6 || total
-------------------------+-------+-------++-------
Melee: Flail             |   120 |    66 ||   186
  Use: Potion            |       |     3 ||     3
  Eat: Chunk             |     2 |     2 ||     4
Armor: Leather armour    |    60 |    17 ||    77
Dodge: Dodged            |   114 |    38 ||   152
Block: Other             |    20 |    10 ||    30
